 Dungeon Sprint DCSS version 0.27-a0-1442-g87b6fcb595 (webtiles) character file.

Game seed: 15270875356694844657

130702 mhtbhm the Draconian Porcupine (level 15, -6/174 HPs)
             Began as a Purple Draconian Berserker on July 4, 2021.
             Was the Champion of Trog.
             Killed from afar by a merfolk aquamancer (30 damage)
             ... with a torrent of water
             ... in the Dungeon (Sprint IX: "|||||||||||||||||||||||||||||").
             The game lasted 00:15:28 (9826 turns).

mhtbhm the Draconian Porcupine (DrBe)               Turns: 9826, Time: 00:15:29

Health: -6/174     AC: 13    Str: 32    XL:     15   Next: 87%
Magic:  15/15      EV: 21    Int:  8    God:    Trog [******]
Gold:   1015       SH:  5    Dex:  8    Spells: 14/14 levels left

rFire    . . .     SeeInvis .   a - +7 glaive "Lepechuh" {vorpal, +Rage rElec Dex-2 Stlth+}
rCold    . . .     Faith    .   (shield currently unavailable)
rNeg     . . .     Spirit   .   (armour unavailable)
rPois    .         Reflect  +   j - +1 hat
rElec    +         Harm     .   C - +1 cloak
rCorr    .         Rampage  .   (no gloves)
Will     ++...     NoTele   +   s - +0 pair of boots
Stlth    ++++++....             F - amulet of reflection
HPRegen  0.39/turn              B - +6 ring of strength
MPRegen  0.14/turn              E - +4 ring of evasion

@: on berserk cooldown, mesmerised, slowed, very slow
A: breathe power, AC +9, unfitting armour, cold-blooded
}: 2/17 runes: decaying, serpentine
a: Breathe Dispelling Energy, Renounce Religion, Evoke Berserk Rage, Berserk,
Trog's Hand, Brothers in Arms


You were in the Dungeon.
You worshipped Trog.
Trog was exalted by your worship.
You visited 1 branch You collected 1908 gold pieces.
You spent 893 gold pieces at shops.

Inventory:

Hand Weapons
 a - the +7 glaive "Lepechuh" (weapon) {vorpal, +Rage rElec Dex-2 Stlth+}
   (Trog gifted it to you in the Dungeon)

   It inflicts extra damage upon your enemies.
   Dex:       It affects your dexterity (-2).
   rElec:     It insulates you from electricity.
   +Rage:     It lets you go berserk.
   Stlth:     It makes you more stealthy.
 q - a +5 bardiche
 A - a +5 demon trident
 I - the +11 glaive of Battle {vorpal, +Rage}
   (Trog gifted it to you in the Dungeon)

   It inflicts extra damage upon your enemies.
   +Rage:     It lets you go berserk.
Missiles
 w - 2 throwing nets (quivered)
Armour
 j - a +1 hat (worn)
 s - a +0 pair of boots (worn)
 C - a +1 cloak (worn)
 H - a +2 tower shield
Jewellery
 y - a ring of see invisible
 B - a +6 ring of strength (left hand)
 D - a +4 ring of protection
 E - a +4 ring of evasion (right hand)
 F - an amulet of reflection (around neck)
Wands
 i - a wand of iceblast (7)
Scrolls
 g - a scroll of blinking
 m - 3 scrolls of fear
 n - 4 scrolls of fog
 o - 2 scrolls of identify
 p - 4 scrolls of enchant armour
 z - 8 scrolls of enchant weapon
Potions
 b - 9 potions of curing
 c - 6 potions of heal wounds
 d - 4 potions of haste
 e - 4 potions of magic
 f - 3 potions of berserk rage
 h - a potion of invisibility
 k - a potion of might
 r - a potion of resistance
 t - a potion of attraction
 u - 2 potions of mutation
 v - a potion of ambrosia
 G - a potion of flight
Miscellaneous
 l - a box of beasts


   Skills:
 O Level 27 Fighting
 O Level 27 Polearms
 + Level 19.4 Dodging
 + Level 12.3 Stealth
 + Level 5.8 Shields
 + Level 4.6 Evocations


You had 14 spell levels left.
You didn't know any spells.
Your spell library was empty.

Dungeon Overview and Level Annotations

Branches:
Dungeon (1/1)

Altars:
Cheibriados
Dithmenos
Elyvilon
Fedhas
Gozag
Hepliaklqana
Kikubaaqudgha
Makhleb
Nemelex Xobeh
Okawaru
Qazlal
Ru
Sif Muna
Trog
Uskayaw
Vehumet
Wu Jian
Xom
Yredelemnul
Zin
The Shining One
Beogh
Jiyva
Lugonu

Shops:
D *:!:


Innate Abilities, Weirdness & Mutations

You can breathe bolts of dispelling energy.
Your rich purple scales are hard. (AC +9)
You cannot fit into any form of body armour.
You are cold-blooded and may be slowed by cold attacks.


Message History

The merfolk javelineer misses you.
A merfolk impaler comes into view. It is wielding a +0 trident.
Unknown command.
You slash the merfolk aquamancer!
Your tail-slap misses the merfolk aquamancer.
The merfolk aquamancer is moderately wounded.
You are engulfed in a cloud of scalding steam.
The merfolk aquamancer hits you with a +2 vampiric rapier!
The merfolk aquamancer draws strength from your wounds!
The merfolk avatar chants its luring song.
The merfolk javelineer hits you but does no damage.
Unknown command.
You feel much better.
You are engulfed in a cloud of scalding steam.
The merfolk aquamancer is engulfed in a cloud of scalding steam.
The merfolk aquamancer casts a spell at you.
The ball of steam misses you.
The merfolk avatar chants its luring song.
The merfolk javelineer hits you but does no damage.
The merfolk aquamancer is engulfed in a cloud of scalding steam.
The merfolk aquamancer hits you with a +2 vampiric rapier!
The merfolk avatar chants its luring song.
The merfolk javelineer hits you from afar with a +0 spear!
Unknown command.
Unknown command.
You are engulfed in a cloud of scalding steam.
The merfolk aquamancer completely misses you.
The merfolk javelineer closely misses you.
The merfolk avatar chants its luring song.
Unknown command.
Unknown command.
Your cyclops goes berserk!
The merfolk aquamancer casts a spell at you.
The ball of steam hits you!!
* * * LOW HITPOINT WARNING * * *
The ball of steam hits your cyclops!!!
You block the merfolk javelineer's attack.
The merfolk aquamancer gestures at you while chanting.
The torrent of water hits you!!
You die...

[▓.♣.♣.▓)▓.▓[▓.▓.▓
.▓.♣.♣.▓.▓.▓.▓.▓.▓
.▓.♣.♣.▓.▓.▓[▓.▓.▓
[▓.♣)♣)▓.▓.▓[▓.▓.▓
.▓.▓)▓.▓)▓.▓[▓.▓§▓
.▓.▓)▓.▓)▓.▓[▓.▓)▓
)▓.▓.▓.▓)▓.▓.▓.▓§▓
.▓.▓.▓.▓)▓.▓.▓.▓C▓
.▓.▓.▓.▓.▓.▓.▓.▓@▓
.▓.▓.▓.▓.▓.▓.▓.▓m▓
.▓.▓.▓.▓)▓.▓!▓.▓m▓
)▓.▓.▓.▓.▓.▓.▓.▓m▓
)▓.▓.▓.▓.▓.▓.▓.▓m▓
)▓.▓.▓.▓.▓.▓.▓.▓m▓
)▓.▓)▓.▓.▓.▓.▓.▓m▓
.▓.▓)▓.▓.▓.▓.▓.▓m▓
[▓.▓)▓.▓.▓.▓.▓.▓


You could see a merfolk avatar (mesmerising), 2 merfolk impalers, 3 merfolk
javelineers, a merfolk aquamancer (ally target) and a friendly cyclops
(summoned, berserk).

Vanquished Creatures
  Xtahua (D)
  Margery (D)
  A tentacled monstrosity (D)
  Rupert (D)
  A thorn hunter (D)
  4 nagarajas (D)
  Ilsuiw (D)
  A fire giant (D)
  A frost giant (D)
  2 vault wardens (D)
  Aizul (D)
  Louise (D)
  3 ironbound preservers (D)
  2 entropy weavers (D)
  An ettin (D)
  2 merfolk javelineers (D)
  Snorg (D)
  3 fire dragons (D)
  A yaktaur captain (D)
  A rakshasa (D)
  Harold (D)
  3 great orbs of eyes (D)
  11 hydras (D)
  An ice dragon (D)
  A ghost crab (D)
  A salamander tyrant (D)
  A boulder beetle (D)
  A naga warrior (D)
  2 ironbound frosthearts (D)
  4 centaur warriors (D)
  A spriggan air mage (D)
  A catoblepas (D)
  2 merfolk aquamancers (D)
  2 two-headed ogres (D)
  An alligator (D)
  A deep troll shaman (D)
  4 death yaks (D)
  2 tengu warriors (D)
  A deep troll earth mage (D)
  5 orc high priests (D)
  A naga sharpshooter (D)
  A spriggan berserker (D)
  4 hell knights (D)
  Nergalle (D)
  A fire crab (shapeshifter) (D)
  A sea snake (D)
  A salamander mystic (D)
  A flayed ghost (D)
  A glowing orange brain (D)
  4 swamp dragons (D)
  A naga ritualist (D)
  An ironbound convoker (D)
  A harpy (D)
  5 orc knights (D)
  2 wizards (D)
  3 necromancers (D)
  5 orc sorcerers (D)
  A will-o-the-wisp (D)
  2 ugly things (D)
  3 vault sentinels (D)
  An elephant (shapeshifter) (D)
  3 merfolk sirens (D)
  Joseph (D)
  4 black mambas (D)
  A naga mage (D)
  3 guardian serpents (D)
  3 cane toads (D)
  A yaktaur (D)
  A rime drake (D)
  2 tengu conjurers (D)
  2 demonic crawlers (D)
  3 merfolk (D)
  A jumping spider (D)
  A tyrant leech (D)
  A slime creature (D)
  A wind drake (D)
  2 blink frogs (D)
  A snapping turtle (D)
  2 redbacks (D)
  A shadow (D)
  2 tarantellas (D)
  4 yaks (D)
  A wraith (D)
  A basilisk (D)
  2 vampire mosquitoes (D)
  2 wyverns (D)
  A steam dragon (D)
  2 water moccasins (D)
  8 orc warriors (D)
  3 swamp drakes (D)
  A boggart (D)
  4 wolves (D)
  2 bullfrogs (D)
  A wight (D)
  A hound (D)
  5 orc priests (D)
  An iguana (D)
  4 orc wizards (D)
  A dart slug (D)
  4 orcs (D)
  A bat (D)
  An endoplasm (D)
  A giant cockroach (shapeshifter) (D)
  2 kobolds (D)
  A frilled lizard (D)
  A jackal zombie (D)
208 creatures vanquished.

Vanquished Creatures (collateral kills)
  An ironbound preserver (D)
  An entropy weaver (D)
  A rakshasa (D)
  A naga warrior (D)
  A death yak (D)
  2 orc knights (D)
  2 necromancers (D)
  An ugly thing (D)
  A naga mage (D)
  A guardian serpent (D)
  2 nagas (D)
14 creatures vanquished.

Vanquished Creatures (others)
  A briar patch (D)
1 creature vanquished.

Grand Total: 223 creatures vanquished

Notes
Turn   | Place    | Note
-------+----------+-------------------------------------------
     0 | D        | mhtbhm the Draconian Berserker began the quest for the Orb.
     0 | D        | Reached XP level 1. HP: 19/19 MP: 1/1
     0 | D        | Banished a spatial maelstrom
    20 | D        | Reached ** piety under Trog
    56 | D        | Noticed an iguana
    56 | D        | Noticed a water moccasin
    56 | D        | Noticed a hound
    61 | D        | Killed an iguana
    62 | D        | Reached skill level 5 in Fighting
    62 | D        | Reached XP level 2. HP: 29/29 MP: 2/2
    62 | D        | Reached XP level 3. HP: 36/36 MP: 3/3
    63 | D        | Reached *** piety under Trog
    69 | D        | Killed a water moccasin
    70 | D        | Reached skill level 5 in Dodging
    70 | D        | Reached XP level 4. HP: 47/47 MP: 4/4
    70 | D        | Reached XP level 5. HP: 52/52 MP: 5/5
   119 | D        | Found a snail-covered altar of Cheibriados.
   119 | D        | Found a shadowy altar of Dithmenos.
   119 | D        | Found a white marble altar of Elyvilon.
   119 | D        | Found a blossoming altar of Fedhas.
   119 | D        | Found an opulent altar of Gozag.
   120 | D        | Found a hazy altar of Hepliaklqana.
   121 | D        | Found a viscous altar of Jiyva.
   122 | D        | Found an ancient bone altar of Kikubaaqudgha.
   123 | D        | Found a corrupted altar of Lugonu.
   124 | D        | Found a burning altar of Makhleb.
   125 | D        | Found a sparkling altar of Nemelex Xobeh.
   126 | D        | Found an iron altar of Okawaru.
   127 | D        | Found a stormy altar of Qazlal.
   128 | D        | Found a sacrificial altar of Ru.
   129 | D        | Found a shimmering blue altar of Sif Muna.
   130 | D        | Found a bloodstained altar of Trog.
   131 | D        | Found a hide-covered altar of Uskayaw.
   132 | D        | Found a radiant altar of Vehumet.
   133 | D        | Found an ornate altar of the Wu Jian Council.
   134 | D        | Found a shimmering altar of Xom.
   135 | D        | Found a basalt altar of Yredelemnul.
   136 | D        | Found a glowing silver altar of Zin.
   137 | D        | Found a glowing golden altar of the Shining One.
   166 | D        | Noticed a two-headed ogre
   166 | D        | Noticed a wyvern
   166 | D        | Noticed a steam dragon
   166 | D        | Noticed a shadow
   166 | D        | Noticed a yak
   178 | D        | Killed a two-headed ogre
   178 | D        | Reached **** piety under Trog
   179 | D        | Reached skill level 10 in Fighting
   179 | D        | Reached XP level 6. HP: 36/67 MP: 6/6
   179 | D        | Your scales start taking on a rich purple colour.
   179 | D        | Reached XP level 7. HP: 39/73 MP: 7/7
   181 | D        | Killed a wyvern
   404 | D        | Killed a steam dragon
   405 | D        | Reached XP level 8. HP: 82/82 MP: 8/8
   414 | D        | Reached ***** piety under Trog
   476 | D        | Noticed a two-headed ogre
   476 | D        | Noticed a boulder beetle
   476 | D        | Noticed a brown ugly thing
   476 | D        | Noticed a slime creature
   476 | D        | Noticed a centaur warrior
   481 | D        | Killed a two-headed ogre
   482 | D        | Reached XP level 9. HP: 90/90 MP: 9/9
   490 | D        | Killed a boulder beetle
   491 | D        | Reached skill level 10 in Dodging
   494 | D        | Killed a brown ugly thing
   495 | D        | Reached skill level 15 in Polearms
   502 | D        | Killed a centaur warrior
   503 | D        | Reached XP level 10. HP: 36/101 MP: 10/10
   506 | D        | Received a gift from Trog
   975 | D        | Noticed a cane toad
   979 | D        | Received a gift from Trog
   980 | D        | Reached skill level 1 in Stealth
   986 | D        | Killed a cane toad
  1112 | D        | Noticed a cane toad
  1112 | D        | Noticed a cane toad
  1112 | D        | Noticed an eight-headed hydra
  1114 | D        | Noticed a four-headed hydra
  1119 | D        | Killed a cane toad
  1121 | D        | Killed a six-headed hydra
  1124 | D        | Killed a cane toad
  1124 | D        | Received a gift from Trog
  1126 | D        | Killed a two-headed hydra
  1129 | D        | Reached ****** piety under Trog
  1137 | D        | Reached skill level 15 in Fighting
  1139 | D        | Reached XP level 11. HP: 85/112 MP: 11/11
  1259 | D        | Noticed a death yak
  1259 | D        | Noticed a death yak
  1259 | D        | Noticed a death yak
  1259 | D        | Noticed a catoblepas
  1266 | D        | Noticed a death yak
  1266 | D        | Killed a death yak
  1270 | D        | Killed a death yak
  1278 | D        | Noticed a death yak
  1283 | D        | Killed a death yak
  1466 | D        | Killed a catoblepas
  1466 | D        | Received a gift from Trog
  1472 | D        | Killed a death yak
  1477 | D        | Killed a death yak
  1668 | D        | Received a gift from Trog
  1764 | D        | Noticed an orc knight
  1764 | D        | Noticed an orc knight
  1769 | D        | Noticed an orc sorcerer
  1774 | D        | Killed an orc knight
  1776 | D        | Noticed an orc knight
  1781 | D        | Noticed an orc knight
  1782 | D        | Killed an orc knight
  1782 | D        | Received a gift from Trog
  1789 | D        | Killed an orc sorcerer
  1800 | D        | Killed an orc knight
  1809 | D        | Killed an orc knight
  1824 | D        | Received a gift from Trog
  2051 | D        | Found Estroh's General Store.
  2051 | D        | Noticed an orc sorcerer
  2051 | D        | Noticed an orc high priest
  2051 | D        | Noticed an orc knight
  2051 | D        | Noticed an orc high priest
  2051 | D        | Noticed an orc high priest
  2054 | D        | Killed an orc sorcerer
  2057 | D        | Killed an orc high priest
  2058 | D        | Reached XP level 12. HP: 125/125 MP: 12/12
  2064 | D        | Killed an orc high priest
  2069 | D        | Noticed an orc high priest
  2070 | D        | Found Qonoume's Book Shoppe.
  2078 | D        | Killed an orc high priest
  2081 | D        | Found Bophidi's Distillery.
  2083 | D        | Killed an orc high priest
  2087 | D        | Received a gift from Trog
  2094 | D        | Noticed an orc high priest
  2333 | D        | Killed an orc high priest
  2356 | D        | Found Eweclump's Book Shoppe.
  2450 | D        | Bought a scroll of fear for 35 gold pieces
  2450 | D        | Bought a potion of haste for 100 gold pieces
  2450 | D        | Bought a potion of attraction for 30 gold pieces
  2454 | D        | Bought a potion of mutation for 104 gold pieces
  2454 | D        | Bought 2 potions of curing for 78 gold pieces
  2454 | D        | Bought a potion of mutation for 104 gold pieces
  2454 | D        | Bought a potion of haste for 130 gold pieces
  2454 | D        | Bought a potion of curing for 39 gold pieces
  2454 | D        | Bought a potion of curing for 39 gold pieces
  2454 | D        | Bought a potion of heal wounds for 65 gold pieces
  2454 | D        | Bought a potion of berserk rage for 65 gold pieces
  2454 | D        | Bought a potion of ambrosia for 104 gold pieces
  2550 | D        | Noticed Joseph
  2560 | D        | Killed Joseph
  2644 | D        | Noticed Harold
  2651 | D        | Killed Harold
  2651 | D        | Received a gift from Trog
  2652 | D        | Reached skill level 5 in Stealth
  2737 | D        | Noticed a centaur warrior
  2737 | D        | Noticed a centaur warrior
  2743 | D        | Killed a centaur warrior
  2748 | D        | Noticed a rakshasa
  2752 | D        | Killed a centaur warrior
  2755 | D        | Received a gift from Trog
  2764 | D        | Noticed a deep troll earth mage
  2767 | D        | Noticed a deep troll shaman
  2769 | D        | Killed a rakshasa
  2774 | D        | Received a gift from Trog
  2789 | D        | Killed a deep troll earth mage
  2799 | D        | Killed a deep troll shaman
  3032 | D        | Noticed a fire dragon
  3044 | D        | Killed a fire dragon
  3045 | D        | Reached XP level 13. HP: 138/138 MP: 13/13
  3305 | D        | Noticed an entropy weaver
  3305 | D        | Noticed an entropy weaver
  3308 | D        | Received a gift from Trog
  3309 | D        | Reached skill level 1 in Evocations
  3320 | D        | Killed an entropy weaver
  3328 | D        | Killed an entropy weaver
  3335 | D        | Received a gift from Trog
  3491 | D        | Noticed a thorn hunter
  3503 | D        | Identified the +7 glaive "Lepechuh" {vorpal, +Rage rElec
                  | Dex-2 Stlth+} (Trog gifted it to you in the Dungeon)
  3503 | D        | Received a gift from Trog
  3512 | D        | Killed a thorn hunter
  3763 | D        | Received a gift from Trog
  4107 | D        | Received a gift from Trog
  4129 | D        | Received a gift from Trog
  4281 | D        | Noticed Rupert
  4290 | D        | Killed Rupert
  4462 | D        | Noticed a fire dragon
  4463 | D        | Killed a fire dragon
  4464 | D        | Reached XP level 14. HP: 154/154 MP: 14/14
  4472 | D        | Received a gift from Trog
  4482 | D        | Noticed a fire giant
  4487 | D        | Noticed a tentacled monstrosity
  4490 | D        | Received a gift from Trog
  4491 | D        | Noticed a tentacled monstrosity
  4730 | D        | Killed a tentacled monstrosity
  4983 | D        | Killed a fire giant
  5246 | D        | Noticed a frost giant
  5252 | D        | Received a gift from Trog
  5253 | D        | Reached skill level 15 in Dodging
  5262 | D        | Killed a frost giant
  5759 | D        | Noticed a vault warden
  5759 | D        | Noticed an ironbound preserver
  5759 | D        | Noticed a vault warden
  5760 | D        | Received a gift from Trog
  5775 | D        | Killed an ironbound preserver
  5777 | D        | Killed a vault warden
  5787 | D        | Killed a vault warden
  5787 | D        | Received a gift from Trog
  5796 | D        | Paralysed by a great orb of eyes for 4 turns
  5799 | D        | Noticed an ironbound preserver
  5803 | D        | Noticed an ironbound preserver
  5817 | D        | Received a gift from Trog
  5819 | D        | Killed an ironbound preserver
  5827 | D        | Killed an ironbound preserver
  5827 | D        | Received a gift from Trog
  6397 | D        | Received a gift from Trog
  6417 | D        | Reached skill level 10 in Stealth
  6470 | D        | Noticed an ironbound preserver
  6479 | D        | Killed an ironbound preserver
  6502 | D        | Received a gift from Trog
  6770 | D        | Noticed Xtahua
  6784 | D        | Killed Xtahua
  6785 | D        | Reached XP level 15. HP: 148/170 MP: 15/15
  6981 | D        | Noticed Aizul
  6996 | D        | Killed Aizul
  7384 | D        | Noticed Nergalle
  7385 | D        | Noticed Snorg
  7389 | D        | Killed Nergalle
  7389 | D        | Received a gift from Trog
  7395 | D        | Noticed Margery
  7397 | D        | Killed Snorg
  7616 | D        | Killed Margery
  8052 | D        | Received a gift from Trog
  8209 | D        | Received a gift from Trog
  8397 | D        | Noticed Louise
  8408 | D        | Killed Louise
  8464 | D        | Identified the +9 glaive "Ganoh" {vorpal, Dex+3} (Trog
                  | gifted it to you in the Dungeon)
  8464 | D        | Received a gift from Trog
  8489 | D        | Reached skill level 1 in Shields
  8779 | D        | Received a gift from Trog
  9358 | D        | Got a decaying rune of Zot
  9365 | D        | Noticed a nagaraja
  9365 | D        | Noticed a nagaraja
  9365 | D        | Noticed a nagaraja
  9366 | D        | Noticed a nagaraja
  9369 | D        | Killed a nagaraja
  9370 | D        | Reached skill level 27 in Polearms
  9370 | D        | Received a gift from Trog
  9374 | D        | Killed a nagaraja
  9375 | D        | Reached skill level 27 in Fighting
  9380 | D        | Killed a nagaraja
  9384 | D        | Killed a nagaraja
  9384 | D        | Identified the +11 glaive of Battle {vorpal, +Rage} (Trog
                  | gifted it to you in the Dungeon)
  9384 | D        | Received a gift from Trog
  9412 | D        | Received a gift from Trog
  9784 | D        | Got a serpentine rune of Zot
  9797 | D        | Reached skill level 5 in Shields
  9798 | D        | Noticed Ilsuiw
  9822 | D        | Killed Ilsuiw
  9822 | D        | Received a gift from Trog
  9826 | D        | Killed from afar by a merfolk aquamancer

Illustrated notes

Levels and vault maps discovered:
D:        linesprint [early_d, line_temple, items_1, d_10, items_2, lair_1,
          lair_end, items_3, orc_1, orc_end, items_4, d_15, swamp_1, shoals_1,
          snake_1, spider_1, d_20, vaults_1, items_5, swamp_end, shoals_end,
          snake_end, spider_end, vaults_end, d_27, items_6, zot_1, zot_end,
          crypt_end, forest_end, elf_end, slime_end, tomb_end, abyss_end,
          pan_hell_end]

Skill      XL: |  1  2  3  4  5  6  7  8  9 10 11 12 13 14 15 |
---------------+----------------------------------------------+-----
Dodging        | 4 5 8 9 10 11 12 14 16 19 | 19.4
Fighting       | 5 7 10 11 12 13 15 17 19 22 25 27 | 27.0
Polearms       | 4 6 11 12 13 16 18 20 22 24 26 27 | 27.0
Stealth        | 2 4 5 7 10 12 | 12.3
Evocations     | 3 4 |  4.6
Shields        | 5 |  5.8

Action                   |  1- 3 |  4- 6 |  7- 9 | 10-12 | 13-15 || total
-------------------------+-------+-------+-------+-------+-------++-------
Melee: Spear             |    38 |     9 |       |       |       ||    47
       Tailslap          |     6 |       |     2 |    30 |    65 ||   103
       Halberd           |       |    11 |    41 |    27 |       ||    79
       Glaive            |       |       |       |   209 |   442 ||   651
Invok: Berserk           |     1 |     1 |     2 |    11 |    19 ||    34
       Brothers in Arms  |       |       |       |     4 |     8 ||    12
Evoke: Wand              |       |       |       |     2 |     3 ||     5
       Box of beasts     |       |       |       |     1 |       ||     1
  Use: Potion            |       |       |       |     1 |     9 ||    10
       Scroll            |       |       |       |     1 |     2 ||     3
 Stab: Sleeping          |       |       |       |     1 |     4 ||     5
       Distracted        |       |       |       |       |     4 ||     4
Armor: Skin              |    13 |     3 |     5 |    18 |    85 ||   124
Dodge: Dodged            |    15 |    11 |    11 |    54 |   292 ||   383
Block: Other             |       |       |       |       |    18 ||    18
       Reflection        |       |       |       |       |     1 ||     1

Table legend: (Time is in decaauts)
 A = Elapsed time spent in this place.
 B = Non-inter-level travel time spent in this place.
 C = Inter-level travel time spent in this place.
 D = Time resting spent in this place.
 E = Time spent auto-exploring this place.
 F = Levels seen in this place.
 G = Mean time per level.
                   A        B        C        D        E       F      G
               +--------+--------+--------+--------+--------+-----+--------+
         Total |   9830 |   9830 |      0 |   6314 |   1284 |   1 | 9830.0 |
       Dungeon |   9830 |   9830 |      0 |   6314 |   1284 |   1 | 9830.0 |
               +--------+--------+--------+--------+--------+-----+--------+

Top non-repeatable levels by time:
       D: 9830 daAuts
